 Dungeon Crawl Stone Soup version 0.19.1 (webtiles) character file.

9390 Melicamp the Protected (level 11, -5/86 HPs)
             Began as a Deep Dwarf Hunter on Nov 26, 2016.
             Was a Believer of Makhleb.
             Slain by a nine-headed hydra (6 damage)
             ... on level 9 of the Dungeon.
             The game lasted 01:42:11 (10989 turns).

Melicamp the Protected (Deep Dwarf Hunter)         Turns: 10989, Time: 01:42:12

Health: -5/86      AC: 18    Str: 19      XL:     11   Next: 22%
Magic:  17/17      EV: 11    Int: 12      God:    Makhleb [**....]
Gold:   644        SH:  0    Dex: 12 (13) Spells: 2 memorised, 9 levels left

rFire  . . .     SeeInvis .     c - +2 hand axe (venom)
rCold  . . .     Gourm    +     u - +5 ring mail
rNeg   . . .     Faith    .     (no shield)
rPois  .         Spirit   .     d - +2 helmet
rElec  .         Reflect  .     o - +0 cloak
rCorr  .         Harm     .     (no gloves)
MR     +....                    C - +0 pair of boots
Stlth  ++........               l - amulet of the gourmand
                                F - ring of magical power
                                q - ring of stealth

@: about to teleport, non-regenerating, studying Evocations
A: damage resistance, recharge devices, sense surroundings 2, slow regeneration
3
a: Device Recharging, Minor Destruction, Renounce Religion


You were on level 9 of the Dungeon.
You worshipped Makhleb.
Makhleb was pleased with you.
You were very full.

You visited 3 branches of the dungeon, and saw 12 of its levels.

You collected 644 gold pieces.

Inventory:

Hand Weapons
 a - a +2 hand crossbow
 c - a +2 hand axe of venom (weapon)
Missiles
 O - 5 bolts
Armour
 d - a +2 helmet (worn)
 o - a +0 cloak (worn)
 u - a +5 ring mail (worn)
 C - a +0 pair of boots (worn)
Jewellery
 l - an amulet of the gourmand (around neck)
 q - a ring of stealth (left hand)
 F - a ring of magical power (right hand)
Wands
 e - a wand of heal wounds (0/9)
 s - a wand of digging (18/24)
 y - a wand of acid (2/15)
 I - a wand of lightning (0/15)
 J - a wand of disintegration (16/24)
 T - a wand of confusion (28/48)
Scrolls
 n - 7 scrolls of remove curse
 r - a scroll of fear
 A - 2 scrolls of teleportation
 D - a scroll of enchant armour
 E - 3 scrolls of enchant weapon
 L - 3 scrolls of amnesia
Potions
 g - 4 potions of curing
 h - a potion of agility
 k - a potion of heal wounds {unknown}
 m - a potion of might {unknown}
 p - 3 potions of haste
 t - a potion of lignification {unknown}
 v - a potion of brilliance {unknown}
 z - a potion of invisibility
 K - 4 potions of cure mutation
 N - a potion of berserk rage {unknown}
 U - a potion of cancellation {unknown}
 X - a potion of ambrosia {unknown}
Books
 i - a manual of Evocations
 B - a book of Geomancy

   Spells                             Type                      Level
   a - Sandblast                      Earth                        1
   b - Passwall                       Transmutation/Earth          2
   c - Stone Arrow                    Conjuration/Earth            3
   d - Petrify                        Transmutation/Earth          4
   e - Lee's Rapid Deconstruction     Earth                        5
 M - a book of Transfigurations

   Spells                             Type                      Level
   a - Irradiate                      Conjuration/Transmutation    5
   b - Statue Form                    Transmutation/Earth          6
   c - Hydra Form                     Transmutation                6
   d - Dragon Form                    Transmutation                7
Comestibles
 f - 5 bread rations
 j - 2 beef jerkies
 x - 3 meat rations
 P - a royal jelly
 Q - 6 fruits


   Skills:
 - Level 1.7 Fighting
 - Level 3.1 Axes
 - Level 10.0 Crossbows
 - Level 10.1 Armour
 - Level 2.1 Dodging
 - Level 1.2 Stealth
 - Level 2.8 Spellcasting
 * Level 3.5 Summonings
   Level 8.0 Transmutations
 - Level 8.1 Earth Magic


You had 9 spell levels left.
You knew the following spells:

 Your Spells              Type           Power        Failure   Level  Hunger
b - Lee's Rapid Deconstr  Erth           ###.......   43%         5    ######.
c - Summon Butterflies    Summ           ##......     12%         1    #......


Dungeon Overview and Level Annotations

Branches:
Dungeon (10/15)            Temple (1/1) D:7            Lair (1/6) D:9
    Orc: D:9-12

Altars:
Ashenzari
Cheibriados
Dithmenos
Elyvilon
Fedhas
Gozag
Hepliaklqana
Kikubaaqudgha
Makhleb
Nemelex Xobeh
Okawaru
Qazlal
Ru
Sif Muna
Trog
Uskayaw
Vehumet
Xom
Yredelemnul
Zin
The Shining One


Innate Abilities, Weirdness & Mutations

You are resistant to damage.
You can recharge devices by infusing magical energy.
You passively map the area around you.
You do not regenerate.


Message History

The nine-headed hydra closely misses you.
The nine-headed hydra bites you but does no damage. x2
The nine-headed hydra closely misses you.
The nine-headed hydra bites you!
* * * LOW HITPOINT WARNING * * *
The nine-headed hydra closely misses you.
The nine-headed hydra bites you but does no damage. x3
The nine-headed hydra closely misses you.
The nine-headed hydra bites you.
* * * LOW HITPOINT WARNING * * *
The nine-headed hydra bites you but does no damage. x2
The nine-headed hydra closely misses you.
The nine-headed hydra bites you but does no damage.
As you read the scroll of teleportation, it crumbles to dust.
You feel strangely unstable. The nine-headed hydra bites you!
* * * LOW HITPOINT WARNING * * *
The nine-headed hydra bites you!
* * * LOW HITPOINT WARNING * * *
The nine-headed hydra bites you!
You die...

##...P....P..#.#
##..............###########
#.......>.....[...........#
#...P......P...#####.......
#.#.......P...## #......[
#.##.........## ####.......
######.####.....######.........#
##......# ###.####.....##......#
#.....##### #..@Dt.######.......
..........# ##.######## ###..#..
..........# #[[......####..##..
.>....._..############...........
#................................
.................................
.......#################.##......
.......# #.##...... #.....##
###.##......


You could see a nine-headed hydra and a crocodile.

Vanquished Creatures
  Pikel (D:8)
  A hill giant (D:10)
  A manticore (D:9)
  An elephant (D:9)
  Psyche (D:8)
  A spiny frog (Lair:1)
  The ghost of Frank the Cudgeler, a novice GrGl (D:5)
  A hornet (D:8)
  3 hippogriffs
  A vampire (D:8)
  A yak (D:9)
  A steam dragon (D:10)
  A hungry ghost (D:8)
  A porcupine (D:9)
  4 orc warriors
  2 water moccasins (D:9)
  4 phantoms
  2 black bears
  5 sky beasts
  2 slaves (D:8)
  2 necrophages
  An ice beast (D:10)
  6 ogres
  2 centaurs
  4 wolves
  2 crocodiles
  A big kobold (D:10)
  4 bullfrogs
  4 scorpions
  4 killer bees (D:9)
  3 howler monkeys (D:9)
  A bullfrog zombie (D:8)
  3 crimson imps
  A quasit (D:10)
  7 hounds
  2 orc priests
  A bullfrog skeleton (D:10)
  2 jellies
  8 iguanas
  11 orc wizards
  11 worker ants
  A hound zombie (D:5)
  A worker ant zombie (D:6)
  3 gnolls (D:5)
  A howler monkey skeleton (D:10)
  13 adders
  A shadow imp (D:6)
  2 oozes (D:2)
  An adder skeleton (D:3)
  An adder zombie (D:5)
  3 worms
  2 dart slugs
  6 leopard geckos
  38 orcs
  3 bats
  8 giant cockroaches
  4 goblins
  11 hobgoblins
  6 jackals (D:5)
  9 kobolds
  4 quokkas
  2 ball pythons
  4 frilled lizards
  A giant cockroach zombie (D:6)
  A jackal skeleton (D:6)
  A leopard gecko zombie (D:8)
  15 rats
257 creatures vanquished.

Vanquished Creatures (others)
  Grum (D:8)
  A scorpion (D:8)
  A hound (D:8)
  An adder skeleton (D:5)
4 creatures vanquished.

Grand Total: 261 creatures vanquished

Notes
Turn   | Place    | Note
-------+----------+-------------------------------------------
     0 | D:1      | Melicamp the Deep Dwarf Hunter began the quest for the Orb.
     0 | D:1      | Reached XP level 1. HP: 19/19 MP: 1/1
   146 | D:1      | Reached XP level 2. HP: 26/26 MP: 2/2
   174 | D:1      | Reached skill level 5 in Crossbows
   687 | D:1      | Reached XP level 3. HP: 27/32 MP: 3/3
  1522 | D:2      | Found a radiant altar of Vehumet.
  1641 | D:2      | You fall through a shaft!
  1732 | D:2      | Reached XP level 4. HP: 35/39 MP: 4/4
  2368 | D:3      | Reached XP level 5. HP: 39/45 MP: 5/5
  3203 | D:3      | Found a white marble altar of Elyvilon.
  3429 | D:4      | Found a blossoming altar of Fedhas.
  3430 | D:4      | Noticed a sky beast
  3456 | D:4      | Killed a sky beast
  3456 | D:4      | Reached skill level 1 in Axes
  3456 | D:4      | Reached XP level 6. HP: 30/52 MP: 6/6
  3615 | D:4      | Learned a level 2 spell: Sticks to Snakes
  3742 | D:4      | Reached XP level 7. HP: 33/58 MP: 7/7
  4084 | D:5      | Entered Level 5 of the Dungeon
  4217 | D:5      | Reached skill level 10 in Crossbows
  4410 | D:5      | Reached skill level 1 in Armour
  4626 | D:5      | Found a bloodstained altar of Trog.
  4803 | D:5      | Reached skill level 1 in Transmutations
  4849 | D:5      | Reached XP level 8. HP: 52/66 MP: 8/8
  4901 | D:5      | HP: 3/66 [acid (16)]
  5075 | D:5      | Noticed Frank's ghost (novice GrGl)
  5147 | D:5      | Killed Frank's ghost
  5706 | D:6      | Found a hazy altar of Hepliaklqana.
  5862 | D:6      | Reached skill level 5 in Armour
  6062 | D:6      | Found a glowing golden altar of the Shining One.
  6509 | D:7      | Gained mutation: You passively map the area around you. [Deep Dwarf growth]
  6509 | D:7      | Reached XP level 9. HP: 72/73 MP: 8/8
  6684 | D:7      | Found a shadowy altar of Dithmenos.
  6778 | D:7      | Found a staircase to the Ecumenical Temple.
  6782 | Temple   | Entered the Ecumenical Temple
  6906 | Temple   | Learned a level 5 spell: Lee's Rapid Deconstruction
  6942 | Temple   | Became a worshipper of Makhleb the Destroyer
  7200 | D:7      | Reached skill level 5 in Transmutations
  7526 | D:7      | Found an ancient bone altar of Kikubaaqudgha.
  7529 | D:7      | Found a stormy altar of Qazlal.
  7532 | D:7      | Found a shimmering altar of Xom.
  7747 | D:8      | Noticed Psyche
  7825 | D:8      | Killed Psyche
  7863 | D:8      | Paralysed by a hornet for 2 turns
  7867 | D:8      | Reached skill level 10 in Armour
  7912 | D:8      | Reached XP level 10. HP: 53/80 MP: 8/8
  7939 | D:8      | Reached skill level 1 in Earth Magic
  8119 | D:8      | Noticed Pikel
  8130 | D:8      | Killed Pikel
  8397 | D:8      | Found a shattered altar of Ashenzari.
  8668 | D:9      | Noticed Grum
  8682 | D:8      | Reached skill level 5 in Earth Magic
  8700 | D:8      | Reached * piety under Makhleb
  8734 | D:8      | Killed Grum
  8753 | D:9      | Found a deep blue altar of Sif Muna.
  8827 | D:9      | Found a staircase to the Lair.
  8827 | D:9      | Noticed an elephant
  8862 | D:9      | Killed an elephant
  9067 | D:9      | Found a snail-covered altar of Cheibriados.
  9067 | D:9      | Found a deep blue altar of Sif Muna.
  9534 | D:10     | Entered Level 10 of the Dungeon
  9534 | D:10     | Noticed a manticore
  9725 | Lair:1   | Entered Level 1 of the Lair of Beasts
  9744 | Lair:1   | Noticed a spiny frog
  9753 | Lair:1   | Killed a spiny frog
  9753 | Lair:1   | Reached skill level 1 in Spellcasting
  9800 | Lair:1   | Learned a level 1 spell: Summon Butterflies
  9828 | Lair:1   | Noticed a seven-headed hydra
  9856 | Lair:1   | Noticed a black mamba
  9867 | D:9      | Reached ** piety under Makhleb
  9977 | D:9      | Killed a manticore
  9977 | D:9      | Reached XP level 11. HP: 70/86 MP: 10/10
 10158 | D:10     | Reached skill level 1 in Summonings
 10733 | D:10     | Noticed a hill giant
 10753 | D:10     | Killed a hill giant
 10989 | D:9      | HP: 1/86 [nine-headed hydra (6)]
 10989 | D:9      | Slain by a nine-headed hydra

Skill      XL: |  1  2  3  4  5  6  7  8  9 10 11 |
---------------+----------------------------------+-----
Crossbows      | 5 6 7 8 10 | 10.0
Axes           | 1 3 |  3.1
Armour         | 2 6 10 | 10.1
Transmutations | 1 3 5 8 |  8.0
Earth Magic    | 8 |  8.1
Spellcasting   | 2 |  2.8
Summonings     | 3 |  3.5
Fighting       | |  1.7
Dodging        | |  2.1
Stealth        | |  1.2

Action                   |  1- 3 |  4- 6 |  7- 9 | 10-12 || total
-------------------------+-------+-------+-------+-------++-------
Melee: Hand axe          |       |    73 |   358 |   434 ||   865
       Hand crossbow     |       |    22 |       |       ||    22
       Short sword       |       |     6 |       |       ||     6
 Fire: Hand crossbow     |    91 |    77 |   122 |   109 ||   399
 Cast: Sticks to Snakes  |       |       |     1 |       ||     1
 Abil: Device Recharging |       |       |     2 |     5 ||     7
Evoke: Wand              |     1 |     5 |    19 |    37 ||    62
  Use: Scroll            |     5 |     3 |     6 |    11 ||    25
       Potion            |       |       |       |     2 ||     2
 Stab: Sleeping          |       |     1 |     7 |     1 ||     9
       Distracted        |       |     1 |       |       ||     1
       Confused          |       |       |       |     4 ||     4
  Eat: Royal jelly       |     1 |       |       |       ||     1
       Chunk             |       |    10 |    16 |    16 ||    42
       Bread ration      |       |     1 |       |     2 ||     3
Armor: Leather armour    |     7 |       |       |       ||     7
       Ring mail         |       |    41 |   203 |   375 ||   619
Dodge: Dodged            |    18 |    60 |   189 |   307 ||   574
